 Dungeon Sprint DCSS version 0.30.0-29-ga12c61a403 (webtiles) character file.

Game seed: 1890226813051484183

6600000 Groucho the Axe Maniac (level 27, -4/228 HPs)
             Began as a Djinni Warper on June 8, 2023.
             Slain by a meat beast (20 damage)
             ... in the Dungeon (Sprint VIII: "Arena of Blood").
             The game lasted 00:04:09 (66 turns).

Groucho the Axe Maniac (Djinni Warper)                Turns: 66, Time: 00:04:10

Health: -4/228     AC:  6    Str: 10    XL:     27
Gold:   0          EV: 28    Int: 25    God:
                   SH:  0    Dex: 17

rFire   + + .        i - +∞ Axe of Woe
rCold   x . .        (shield currently unavailable)
rNeg    . . .        b - +0 leather armour
rPois   ∞            (no helmet)
rElec   .            (no cloak)
rCorr   .            (no gloves)
SInv    +            (boots unavailable)
Will    ++...        (no amulet)
Stlth   +++++++++    j - ring of see invisible
HPRegen 0.58/turn    (no ring)
MPRegen 0.00/turn

%: no teleportation, infuse magic (-5 HP)
@: flying, slowed, very slow
A: sickness immunity, fire resistance 2, cold vulnerability 1, float, innate
caster, HP casting, extra vitality 1
a: no special abilities


You were in the Dungeon.
You visited 1 branch

Inventory:

Hand Weapons
 a - a +0 hand axe
 i - the +∞ Axe of Woe (weapon)
   (You found it in the Dungeon)
Missiles
 d - 7 boomerangs of dispersal
Armour
 b - a +0 leather armour (worn)
Jewellery
 j - a ring of see invisible (left hand)
 k - a +30 ring of slaying
Scrolls
 c - 2 scrolls of blinking
Potions
 e - a potion of curing
 f - a potion of heal wounds
 g - a potion of haste
 h - a potion of berserk rage


   Skills:
 O Level 27 Fighting
 O Level 27 Short Blades
 O Level 27 Long Blades
 O Level 27 Axes
 + Level 26.1(27) Maces & Flails
 + Level 26.2(27) Polearms
 O Level 27 Staves
 + Level 26.2 Ranged Weapons
 + Level 26.5 Throwing
 O Level 27 Armour
 O Level 27 Dodging
 O Level 27 Stealth
 O Level 27 Shields
 O Level 27 Unarmed Combat
 O Level 27 Spellcasting
 O Level 27 Invocations
 O Level 27 Evocations


You knew the following spells:

 Your Spells              Type           Power      Damage    Failure   Level
a - Blink                 Tloc           100%       N/A       0%          2
b - Lesser Beckoning      Tloc           100%       N/A       0%          2
c - Vhi's Electric Charg  Tloc/Air       100%       N/A       0%          3
d - Teleport Other        Tloc           100%       N/A       0%          3
e - Manifold Assault      Tloc           100%       N/A       0%          4
f - Sandblast             Erth           100%       2d20      0%          1
g - Ensorcelled Hibernat  Hex/Ice        100%       N/A       0%          2
h - Swiftness             Air            100%       N/A       0%          3
i - Animate Armour        Summ/Erth      100%       N/A       0%          4
j - Ice Form              Ice/Tmut       100%       N/A       0%          4
k - Iskenderun's Battles  Conj           100%       2d15      0%          5
l - Statue Form           Tmut/Erth      70%        N/A       0%          6
m - Ozocubu's Refrigerat  Ice            53%        4d19      0%          7
n - Iron Shot             Conj/Erth      53%        9d10      0%          6
o - Monstrous Menagerie   Summ           53%        N/A       0%          7
p - Orb of Destruction    Conj           53%        9d13      0%          7
q - Dragon's Call         Summ           53%        N/A       1%          9
r - Shatter               Erth           53%        3d40*     1%          9
Your spell library was empty.

Dungeon Overview and Level Annotations

Branches:
Dungeon (1/1)

Altars:
Makhleb


Innate Abilities, Weirdness & Mutations

You are immune to sickness and miasma.
You are immune to poison.
Your flesh is very heat resistant. (rF++)
You are vulnerable to cold. (rC-)
You float through the air rather than walking.
You learn spells naturally, not from books.
Your magical power is your life essence.
You have superior vitality. (+4 MHP)


Message History

A meat berserker comes into view. It is wielding a +9 battleaxe.
The meat beast appears out of thin air!
A meat beast comes into view.
You hear a shout! x14
A meat berserker comes into view. It is wielding a +9 battleaxe.
You hear a shout! x11; The meat beast bellows!
The dread appears out of thin air!
A dread comes into view.
The dread appears out of thin air!
A dread comes into view.
A meat beast comes into view.
You hear a shout! x15
The meat berserker rages.
You hear a shout! x4
The meat beast moves out of view.
You hear a deafening roar!
Unknown command.
Casting: Manifold Assault (safe; 0% risk of failure)
Press: ? - help, Q - select action, (/) - cycle Dir - look around, f - activate Space momentarily warps into an impossible shape!
You slice the dread!!
You dissect the dread like a pig carcass.
You destroy the dread!
You slash the dread!
You slaughter the dread joyfully.
You destroy the dread!
You slash the meat berserker!
You dissect the meat berserker like a pig carcass.
You kill the meat berserker!
You slash the meat berserker!
You pulverise the meat berserker into a thin bloody mist.
You kill the meat berserker!
* * * LOW HITPOINT WARNING * * *
You hear a shout!
The meat beast bites you!!
* * * LOW HITPOINT WARNING * * *
The meat beast tramples you!
* * * LOW HITPOINT WARNING * * *
You are shoved backwards!
You hear a shout! x6
The meat beast bites you!!
You die...

#........_).§)...
..)...#...).# ..
......#_.<._#...
§)....#.....#...
#§§......_..)...
........###.))...
...###.......###.
.....#.)...).#..
.....#))@.).)#..
.....)).)2))..)..
#.)..)........)).
..))..))..)...)..
#...).)))).)).)##
.....#).....).#)).
..)..)........#...
....##2#.......).
............)..).


You could see 2 meat beasts.

Vanquished Creatures
  A hell beast (D)
  4 royal mummies (D)
  3 wraiths (D)
  8 vampire knights (D)
  22 ogres (D)
  6 two-headed ogres (D)
  A lich (D)
  A hydra (D)
  31 orcs (D)
  2 skeletal warriors (D)
79 creatures vanquished.

Notes
Turn   | Place    | Note
-------+----------+-------------------------------------------
     0 | D        | Found the +∞ Axe of Woe
     0 | D        | Groucho the Djinni Warper began the quest for the Orb.
     0 | D        | Groucho set off with the following spells memorised: Blink,
                  | Lesser Beckoning, Vhi's Electric Charge, Teleport Other,
                  | Manifold Assault.
     0 | D        | Reached XP level 1. HP: 18/18 MP: 0/0
     1 | D        | Noticed a bag of meat
     2 | D        | Noticed a meat berserker
     2 | D        | Noticed a bag of meat
     3 | D        | Killed a meat berserker
     3 | D        | Noticed a bag of meat
     3 | D        | Noticed a bag of meat
     4 | D        | Reached skill level 10 in Fighting
     4 | D        | Reached XP level 2. HP: 36/36 MP: 0/0
     4 | D        | Reached XP level 3. HP: 41/41 MP: 0/0
     4 | D        | Learned a level 1 spell: Sandblast
     4 | D        | Reached XP level 4. HP: 47/47 MP: 0/0
     4 | D        | Reached XP level 5. HP: 52/52 MP: 0/0
     4 | D        | Learned a level 2 spell: Ensorcelled Hibernation
     4 | D        | Reached XP level 6. HP: 58/58 MP: 0/0
     4 | D        | Reached XP level 7. HP: 64/64 MP: 0/0
     4 | D        | Learned a level 3 spell: Swiftness
     4 | D        | Reached XP level 8. HP: 69/69 MP: 0/0
     4 | D        | Reached XP level 9. HP: 75/75 MP: 0/0
     4 | D        | Learned a level 4 spell: Animate Armour
     4 | D        | Reached XP level 10. HP: 81/81 MP: 0/0
     4 | D        | Reached XP level 11. HP: 86/86 MP: 0/0
     4 | D        | Learned a level 4 spell: Ice Form
     4 | D        | Reached XP level 12. HP: 92/92 MP: 0/0
     4 | D        | Killed a bag of meat
     4 | D        | Noticed a meat berserker
     4 | D        | Noticed a bag of meat
     5 | D        | Reached XP level 13. HP: 97/97 MP: 0/0
     5 | D        | Learned a level 5 spell: Iskenderun's Battlesphere
     5 | D        | Killed a bag of meat
     5 | D        | Killed a bag of meat
     5 | D        | Killed a bag of meat
     5 | D        | Noticed a meat berserker
     6 | D        | Reached XP level 14. HP: 99/103 MP: 0/0
     6 | D        | Killed a meat berserker
     6 | D        | Killed a bag of meat
     6 | D        | Killed a meat berserker
     7 | D        | Reached XP level 15. HP: 101/109 MP: 0/0
     7 | D        | Learned a level 6 spell: Statue Form
     7 | D        | Noticed a meat berserker
     8 | D        | Noticed a meat berserker
     9 | D        | Noticed a meat berserker
    10 | D        | Killed a meat berserker
    10 | D        | Killed a meat berserker
    10 | D        | Killed a meat berserker
    11 | D        | Reached XP level 16. HP: 103/114 MP: 0/0
    11 | D        | Reached XP level 17. HP: 109/120 MP: 0/0
    11 | D        | Learned a level 7 spell: Ozocubu's Refrigeration
    13 | D        | Reached skill level 27 in Axes
    13 | D        | Noticed a large bag of meat
    13 | D        | Noticed a meat berserker
    13 | D        | Noticed a meat berserker
    14 | D        | Noticed a meat berserker
    15 | D        | Reached skill level 27 in Dodging
    15 | D        | Reached skill level 27 in Spellcasting
    15 | D        | Reached skill level 5 in Invocations
    15 | D        | Reached XP level 18. HP: 111/130 MP: 0/0
    15 | D        | Noticed a meat berserker
    15 | D        | Killed a meat berserker
    15 | D        | Killed a meat berserker
    15 | D        | Noticed a meat berserker
    15 | D        | Noticed a meat berserker
    16 | D        | Reached XP level 19. HP: 125/152 MP: 0/0
    16 | D        | Learned a level 6 spell: Iron Shot
    16 | D        | Killed a meat berserker
    16 | D        | Killed a large bag of meat
    16 | D        | Killed a meat berserker
    16 | D        | Noticed a meat berserker
    17 | D        | Reached XP level 20. HP: 138/173 MP: 0/0
    17 | D        | Killed a meat berserker
    17 | D        | Noticed a large bag of meat
    17 | D        | Noticed a meat berserker
    18 | D        | Killed a meat berserker
    18 | D        | Killed a large bag of meat
    19 | D        | Reached skill level 27 in Fighting
    19 | D        | Reached skill level 27 in Armour
    19 | D        | Reached skill level 27 in Invocations
    19 | D        | Reached XP level 21. HP: 142/187 MP: 0/0
    19 | D        | Learned a level 7 spell: Monstrous Menagerie
    19 | D        | Killed a meat berserker
    19 | D        | Killed a meat berserker
    20 | D        | Noticed a large bag of meat
    20 | D        | Noticed a meat berserker
    20 | D        | Noticed a large bag of meat
    21 | D        | Killed a large bag of meat
    21 | D        | Killed a large bag of meat
    21 | D        | Killed a meat berserker
    21 | D        | Noticed a destroyer
    22 | D        | Reached skill level 27 in Stealth
    22 | D        | Reached XP level 22. HP: 140/194 MP: 0/0
    22 | D        | Killed a destroyer
    22 | D        | Noticed a destroyer
    22 | D        | Noticed a meat berserker
    23 | D        | Reached skill level 10 in Short Blades
    23 | D        | Reached skill level 10 in Long Blades
    23 | D        | Reached skill level 10 in Staves
    23 | D        | Reached skill level 10 in Throwing
    23 | D        | Reached XP level 23. HP: 141/201 MP: 0/0
    23 | D        | Learned a level 7 spell: Orb of Destruction
    23 | D        | Noticed a large bag of meat
    23 | D        | Killed a large bag of meat
    23 | D        | Killed a destroyer
    25 | D        | Noticed a large bag of meat
    25 | D        | Killed a large bag of meat
    27 | D        | Noticed a destroyer
    27 | D        | Killed a destroyer
    28 | D        | Reached skill level 15 in Short Blades
    28 | D        | Reached skill level 15 in Long Blades
    28 | D        | Reached skill level 15 in Staves
    28 | D        | Reached XP level 24. HP: 136/208 MP: 0/0
    29 | D        | Reached skill level 15 in Throwing
    31 | D        | Reached skill level 15 in Maces & Flails
    31 | D        | Reached skill level 15 in Polearms
    31 | D        | Reached skill level 15 in Ranged Weapons
    32 | D        | Noticed a destroyer
    33 | D        | Killed a destroyer
    34 | D        | Reached XP level 25. HP: 130/214 MP: 0/0
    34 | D        | Learned a level 9 spell: Dragon's Call
    35 | D        | Noticed a destroyer
    35 | D        | Killed a destroyer
    35 | D        | Noticed a destroyer
    36 | D        | Killed a destroyer
    39 | D        | Noticed a destroyer
    40 | D        | Killed a destroyer
    47 | D        | Reached XP level 26. HP: 120/221 MP: 0/0
    51 | D        | Noticed a tyrant
    52 | D        | Noticed an accursed
    53 | D        | Noticed an accursed
    53 | D        | Killed a tyrant
    53 | D        | Killed an accursed
    54 | D        | Killed an accursed
    54 | D        | Noticed a destroyer
    55 | D        | Reached XP level 27. HP: 102/228 MP: 0/0
    55 | D        | Learned a level 9 spell: Shatter
    55 | D        | Noticed an accursed
    56 | D        | Killed an accursed
    56 | D        | Killed a destroyer
    57 | D        | Noticed an accursed
    58 | D        | Noticed a dread
    59 | D        | Noticed a meat beast
    59 | D        | Killed a dread
    59 | D        | Killed a meat beast
    59 | D        | Killed an accursed
    60 | D        | Reached skill level 27 in Short Blades
    60 | D        | Reached skill level 27 in Long Blades
    60 | D        | Reached skill level 27 in Staves
    60 | D        | Reached skill level 27 in Shields
    60 | D        | Reached skill level 27 in Unarmed Combat
    60 | D        | Reached skill level 27 in Evocations
    64 | D        | Noticed a meat beast
    65 | D        | Noticed a meat beast
    66 | D        | Noticed a dread
    66 | D        | Noticed a dread
    66 | D        | Killed a dread
    66 | D        | Killed a dread
    66 | D        | Slain by a meat beast

Illustrated notes

Levels and vault maps discovered:
D:        meatsprint

Skill      XL: |  1  2  3  4  5  6  7  8  9 10 11 12 13 14 15 16 17 18 19 20 21 22 23 24 25 26 27 |
---------------+----------------------------------------------------------------------------------+-----
Fighting       | 10 12 18 23 27 | 27.0
Axes           | 9 12 17 21 26 27 | 27.0
Throwing       | 3 8 10 14 16 19 21 26 | 26.5
Armour         | 3 6 16 22 27 | 27.0
Dodging        | 11 13 17 21 25 27 | 27.0
Spellcasting   | 18 20 22 24 27 | 27.0
Invocations    | 5 16 22 27 | 27.0
Stealth        | 16 27 | 27.0
Short Blades   | 7 10 15 17 20 22 27 | 27.0
Long Blades    | 7 10 15 17 20 22 27 | 27.0
Maces & Flails | 6 9 14 16 18 21 26 | 26.1
Polearms       | 6 9 14 16 18 21 26 | 26.2
Staves         | 7 10 15 17 20 22 27 | 27.0
Ranged Weapons | 6 9 14 16 18 21 26 | 26.2
Shields        | 8 11 16 19 21 24 27 | 27.0
Unarmed Combat | 8 11 16 19 21 24 27 | 27.0
Evocations     | 8 11 16 19 21 24 27 | 27.0

Action                     |  1- 3 |  4- 6 |  7- 9 | 10-12 | 13-15 | 16-18 | 19-21 | 22-24 | 25-27 || total
---------------------------+-------+-------+-------+-------+-------+-------+-------+-------+-------++-------
  Melee: Executioner's axe |     1 |       |       |     1 |    10 |     9 |    18 |    16 |    24 ||    79
   Cast: Manifold Assault  |       |       |       |       |     3 |     3 |     5 |     7 |    11 ||    29
